Knights vs Ice Dragons
Created - November 4, 2018 at 19:15
Goals
|
| Knights |
1 |
2 |
1 |
4 |
| Ice Dragons |
1 |
1 |
0 |
2 |
|
Shots
|
| Knights |
11 |
16 |
10 |
37 |
| Ice Dragons |
7 |
18 |
6 |
31 |
|
1st period
1. Knights , Michael Raffl 6 (Pavel Buchnevich 9) at 0:04
2. Ice Dragons , Jiri Tlusty 5 (Darren Helm 4) at 17:54 (PP)
Penalties :
Jordan Martinook (Lon) for Elbowing (Minor) at 17:22
2nd period
3. Ice Dragons , Michael Chaput 3 (William Carrier 1) at 0:48
4. Knights , Brendan Gaunce 4 (A.J. Jenks 1, Matthew Benning 1) at 7:20
5. Knights , Miro Aaltonen 8 (Valentin Zykov 2, Matthew Benning 2) at 16:34
Penalties :
Sam Carrick (Kin) for Charging (Minor) at 9:51
3rd period
6. Knights , Jonathan Drouin 2 (Linden Vey 6, Kevin Hayes 1) at 19:03 (Empty Net)
Penalties :
Brendan Gaunce (Lon) for Hooking (Minor) at 7:40, Chris Wagner (Kin) for Holding (Minor) at 16:35
Goalie Stats
Ben Scrivens (Lon), 29 saves from 31 shots - (0.935), W, 4-1-1, 60:00 minutes
Harru Sateri (Kin), 33 saves from 36 shots - (0.917), L, 0-3-0, 59:42 minutes
Players Stats for Knights
Player Name G A P +/- PIM S H SB GA TA FO MP PP MP PK MP
------------------------------------------------------------------------------------
A.J. Jenks 0 1 1 1 0 1 2 0 0 1 0/0 8:45 0:00 0:00
Brendan Gaunce 1 0 1 1 2 3 0 0 0 0 0/0 8:44 0:00 0:00
Collin Miller 0 0 0 3 0 0 0 1 0 0 0/0 15:31 1:37 0:00
Jaccob Slavin 0 0 0 0 0 2 2 0 2 1 0/0 23:45 2:21 0:49
Jared Spurgeon 0 0 0 0 0 1 1 1 0 1 0/0 27:09 2:21 1:42
Jonathan Drouin 1 0 1 0 0 2 1 0 0 0 4/7 14:16 1:35 0:00
Jordan Martinook 0 0 0 -1 2 2 1 0 0 0 1/1 12:49 0:00 0:36
Kevin Hayes 0 1 1 2 0 6 0 0 1 1 0/2 17:00 1:35 0:00
Linden Vey 0 1 1 0 0 1 4 0 0 1 0/2 16:07 1:35 1:41
Matthew Benning 0 2 2 2 0 1 1 0 0 1 0/0 13:00 0:00 0:00
Michael Matheson 0 0 0 1 0 0 2 2 0 1 0/0 22:37 1:37 0:49
Michael Raffl 1 0 1 1 0 3 4 0 0 1 1/1 21:02 2:23 1:41
Miro Aaltonen 1 0 1 1 0 4 4 1 2 1 12/21 17:35 2:23 0:00
Noel Acciari 0 0 0 1 0 5 2 1 1 0 8/23 17:28 0:00 0:50
Pavel Buchnevich 0 1 1 1 0 2 3 0 0 0 1/2 19:01 2:23 0:00
Tom Wilson 0 0 0 1 0 1 0 0 1 0 0/0 9:28 0:00 0:14
Valentin Zykov 0 1 1 1 0 2 1 0 0 0 1/1 15:12 0:00 0:00
Zach Trotman 0 0 0 0 0 1 0 1 0 3 0/0 17:58 0:00 1:42
Players Stats for Ice Dragons
Player Name G A P +/- PIM S H SB GA TA FO MP PP MP PK MP
------------------------------------------------------------------------------------
Alex Plante 0 0 0 -1 0 0 0 3 0 1 0/0 19:24 1:00 1:10
Brandon Kozun 0 0 0 0 0 1 1 0 0 0 0/0 12:32 0:00 0:00
Brayden McNabb 0 0 0 -3 0 2 1 1 1 1 0/0 26:38 1:31 2:48
Chris Wagner 0 0 0 -2 2 1 0 0 0 0 0/0 8:30 0:00 0:00
Christian Djoos 0 0 0 1 0 0 1 0 0 0 0/0 13:58 0:00 0:00
Darren Helm 0 1 1 0 0 4 1 0 1 0 10/13 17:43 1:09 0:57
Jiri Tlusty 1 0 1 0 0 10 0 2 3 0 0/1 19:23 1:09 2:43
Jordan LaVallee 0 0 0 -2 0 2 2 0 1 0 1/1 19:00 1:22 0:18
Kevin Connauton 0 0 0 -3 0 1 3 4 1 1 0/0 26:38 1:31 2:48
Logan MacMillan 0 0 0 0 0 0 3 1 0 1 0/2 16:40 1:09 0:00
Michael Chaput 1 0 1 0 0 2 4 0 1 0 0/4 12:28 0:00 0:00
Michael Ferland 0 0 0 -1 0 0 1 0 1 0 0/0 8:06 0:00 0:00
Ryan Pulock 0 0 0 1 0 0 3 1 0 0 0/0 13:58 0:00 0:00
Sam Carrick 0 0 0 -2 2 0 0 0 1 0 0/0 8:58 0:00 0:18
Samuel Groulx 0 0 0 -1 0 0 0 0 0 0 0/0 19:24 1:00 1:10
Stefan Ruzicka 0 0 0 -1 0 5 2 1 2 3 2/5 21:08 1:22 2:43
Steve Ott 0 0 0 -1 0 3 3 0 0 0 19/34 19:22 1:22 0:57
William Carrier 0 1 1 0 0 0 1 0 0 0 0/0 12:10 0:00 0:00
3 Stars
1 - Miro Aaltonen (Lon)
2 - Michael Raffl (Lon)
3 - Matthew Benning (Lon)
Power Play
Knights - 0 on 2 Attempt(s) - 0.00%
Ice Dragons - 1 on 2 Attempt(s) - 50.00%
Penalty Kill
Knights - 1 on 2 Attempt(s) - 50.00%
- Score 0 goal in Penalty Kill
Ice Dragons - 2 on 2 Attempt(s) - 100.00%
- Score 0 goal in Penalty Kill
Team Stat
Knights - Hits : 28 - Faceoff Wins : 28 - Blocked Shots : 7 - Penalty Minutes : 4
Ice Dragons - Hits : 26 - Faceoff Wins : 32 - Blocked Shots : 13 - Penalty Minutes : 4
Official
Referees : Unknown
Linesman : Unknown
Game Notes
Jonathan Drouin has scored in a empty net!
Finance
Level 1 -- Attendance: 1321 (66.05%) -- Ticket Income $52,840
Level 2 -- Attendance: 688 (68.80%) -- Ticket Income $13,760
Total Attendance: 2009 (66.97%)
Total Ticket Income: $66,600
Other Income: $3,330
Total Income: $69,930
Knights
5 vs 5 Forward
Center Left Wing Right Wing Time % Phy DF OF
1 Noel Acciari Michael Raffl Pavel Buchnevich 36 1 1 3
2 Miro Aaltonen Valentin Zykov Kevin Hayes 30 1 1 3
3 Jonathan Drouin Jordan Martinook Linden Vey 24 1 1 3
4 Brendan Gaunce A.J. Jenks Tom Wilson 10 2 1 2
5 vs 5 Defense
Defense Defense Time % Phy DF OF
1 Michael Matheson Jared Spurgeon 40 1 2 2
2 Zach Trotman Jaccob Slavin 30 1 1 3
3 Matthew Benning Collin Miller 20 1 2 2
4 Jared Spurgeon Jaccob Slavin 10 1 2 2
PowerPlay Forward
Center Left Wing Right Wing Time % Phy DF OF
1 Miro Aaltonen Michael Raffl Pavel Buchnevich 60 1 1 3
2 Jonathan Drouin Linden Vey Kevin Hayes 40 1 1 3
PowerPlay Defense
Defense Defense Time % Phy DF OF
1 Jaccob Slavin Jared Spurgeon 60 0 1 4
2 Collin Miller Michael Matheson 40 0 1 4
Penalty Kill 4 Players Forward
Center Wing Time % Phy DF OF
1 Linden Vey Michael Raffl 60 1 3 1
2 Noel Acciari Tom Wilson 40 1 3 1
Penalty Kill 4 Players Defense
Defense Defense Time % Phy DF OF
1 Jared Spurgeon Zach Trotman 60 1 3 1
2 Jaccob Slavin Michael Matheson 40 1 3 1
Penalty Kill - 3 Players Forward
Forward Time % Phy DF OF
1 Michael Raffl 60 0 4 1
2 Linden Vey 40 0 4 1
Penalty Kill - 3 Players Defense
Defense Defense Time % Phy DF OF
1 Zach Trotman Jared Spurgeon 60 1 3 1
2 Michael Matheson Jaccob Slavin 40 1 3 1
4 vs 4 Forward
Center Wing Time % Phy DF OF
1 Tom Wilson Michael Raffl 60 1 2 2
2 Linden Vey Noel Acciari 40 1 2 2
4 vs 4 Defense
Defense Defense Time % Phy DF OF
1 Jared Spurgeon Jaccob Slavin 60 1 2 2
2 Michael Matheson Collin Miller 40 1 2 2
Last Minutes Offensive
Center Left Wing Right Wing Defense Defense
Miro Aaltonen Michael Raffl Pavel Buchnevich Jared Spurgeon Jaccob Slavin
Last Minutes Defensive
Center Left Wing Right Wing Defense Defense
Noel Acciari Michael Raffl Kevin Hayes Jared Spurgeon Jaccob Slavin
Goaltenders
Starting : Ben Scrivens
Backup : Eamon McAdam
Extra Forwards
Normal : Tom Wilson, Linden Vey, Michael Raffl - PP : Tom Wilson, Michael Raffl - PK : Michael Raffl
Extra Defensemen
Normal : Jaccob Slavin, Jared Spurgeon, Michael Matheson - PP : Jaccob Slavin - PK : Jaccob Slavin, Jared Spurgeon
Penalty Shots
Michael Raffl, Noel Acciari, Pavel Buchnevich, Tom Wilson, Linden Vey
Scratches
Stefan Matteau (Healthy), Zach Nastasiuk (Healthy), Cody Bass (Healthy), Alan Quine (Healthy), Matt Puempel (Healthy)
David Shields (Healthy), Matt Grzelcyk (Healthy), Trevor Moore (Healthy), Scott Wilson (Healthy), Curtis Valk (Healthy)
Anthony Louis (Healthy), Ludwig Bystrom (Healthy), Brett Connolly (Healthy), Travis Boyd (Healthy), Anton Blidh (Healthy)
Andrei Mironov (Healthy), Connor Knapp (Healthy), Magnus Hellberg (Healthy), Philippe Desrosiers (Healthy), Ville Husso (Healthy)
Ice Dragons
5 vs 5 Forward
Center Left Wing Right Wing Time % Phy DF OF
1 Steve Ott Jordan LaVallee Stefan Ruzicka 40 1 2 2
2 Darren Helm Logan MacMillan Jiri Tlusty 30 1 2 2
3 Michael Chaput William Carrier Brandon Kozun 20 1 2 2
4 Sam Carrick Michael Ferland Chris Wagner 10 1 2 2
5 vs 5 Defense
Defense Defense Time % Phy DF OF
1 Brayden McNabb Kevin Connauton 40 1 2 2
2 Samuel Groulx Alex Plante 30 1 2 2
3 Ryan Pulock Christian Djoos 20 1 2 2
4 Brayden McNabb Kevin Connauton 10 1 2 2
PowerPlay Forward
Center Left Wing Right Wing Time % Phy DF OF
1 Steve Ott Jordan LaVallee Stefan Ruzicka 60 1 2 2
2 Darren Helm Logan MacMillan Jiri Tlusty 40 1 2 2
PowerPlay Defense
Defense Defense Time % Phy DF OF
1 Brayden McNabb Kevin Connauton 60 1 2 2
2 Samuel Groulx Alex Plante 40 1 2 2
Penalty Kill 4 Players Forward
Center Wing Time % Phy DF OF
1 Stefan Ruzicka Jiri Tlusty 60 1 2 2
2 Steve Ott Darren Helm 40 1 2 2
Penalty Kill 4 Players Defense
Defense Defense Time % Phy DF OF
1 Brayden McNabb Kevin Connauton 60 1 2 2
2 Samuel Groulx Alex Plante 40 1 2 2
Penalty Kill - 3 Players Forward
Forward Time % Phy DF OF
1 Stefan Ruzicka 60 1 2 2
2 Jiri Tlusty 40 1 2 2
Penalty Kill - 3 Players Defense
Defense Defense Time % Phy DF OF
1 Brayden McNabb Kevin Connauton 60 1 2 2
2 Samuel Groulx Alex Plante 40 1 2 2
4 vs 4 Forward
Center Wing Time % Phy DF OF
1 Stefan Ruzicka Jiri Tlusty 60 1 2 2
2 Steve Ott Darren Helm 40 1 2 2
4 vs 4 Defense
Defense Defense Time % Phy DF OF
1 Brayden McNabb Kevin Connauton 60 1 2 2
2 Samuel Groulx Alex Plante 40 1 2 2
Last Minutes Offensive
Center Left Wing Right Wing Defense Defense
Steve Ott Jordan LaVallee Stefan Ruzicka Brayden McNabb Kevin Connauton
Last Minutes Defensive
Center Left Wing Right Wing Defense Defense
Steve Ott Jordan LaVallee Stefan Ruzicka Brayden McNabb Kevin Connauton
Goaltenders
Starting : Harru Sateri
Backup : Anders Nilsson
Extra Forwards
Normal : Michael Chaput, Brandon Kozun, Sam Carrick - PP : Michael Chaput, Brandon Kozun - PK : Sam Carrick
Extra Defensemen
Normal : Ryan Pulock, Christian Djoos, Samuel Groulx - PP : Ryan Pulock - PK : Christian Djoos, Samuel Groulx
Penalty Shots
Stefan Ruzicka, Jiri Tlusty, Steve Ott, Darren Helm, Jordan LaVallee
Scratches
Thomas Gobeil (Healthy), Theodor Blueger (Healthy), Alex Henriksson (Healthy), Emil Pettersson (Healthy), Cole Ully (Healthy)
Justin Shugg (Healthy), Oscar Dansk (Healthy)
% Time on Ice - Knights
Lines # - Real PCT - Wanted PCT - Time Play
Normal Forward
1 - 31% - 36% - 16:38
2 - 30% - 30% - 15:59
3 - 23% - 24% - 12:09
4 - 16% - 10% - 8:45
Normal Defense
1 - 36% - 40% - 19:09
2 - 33% - 30% - 17:25
3 - 24% - 20% - 13:00
4 - 7% - 10% - 3:57
PP Forward
1 - 60% - 60% - 2:23
2 - 40% - 40% - 1:35
PP Defense
1 - 59% - 60% - 2:21
2 - 41% - 40% - 1:37
PK Forward
1 - 91% - 60% - 2:17
2 - 9% - 40% - 0:14
PK Defense
1 - 68% - 60% - 1:42
2 - 32% - 40% - 0:49
PK3 Forward
1 - 0% - 60%
2 - 0% - 40%
PK3 Defense
1 - 0% - 60%
2 - 0% - 40%
44 Forward
1 - 0% - 60%
2 - 0% - 40%
44 Defense
1 - 0% - 60%
2 - 0% - 40%
Last Minute Offensive - 0:00
Last Minute Defensive - 0:00
Total
Forward - 60:00
Defense - 60:00
|
% Time on Ice - Ice Dragons
Lines # - Real PCT - Wanted PCT - Time Play
Normal Forward
1 - 33% - 40% - 17:42
2 - 29% - 30% - 15:37
3 - 23% - 20% - 12:10
4 - 15% - 10% - 8:02
Normal Defense
1 - 36% - 40% - 19:29
2 - 32% - 30% - 17:14
3 - 26% - 20% - 13:58
4 - 5% - 10% - 2:50
PP Forward
1 - 54% - 60% - 1:22
2 - 46% - 40% - 1:09
PP Defense
1 - 60% - 60% - 1:31
2 - 40% - 40% - 1:00
PK Forward
1 - 76% - 60% - 3:01
2 - 24% - 40% - 0:57
PK Defense
1 - 71% - 60% - 2:48
2 - 29% - 40% - 1:10
PK3 Forward
1 - 0% - 60%
2 - 0% - 40%
PK3 Defense
1 - 0% - 60%
2 - 0% - 40%
44 Forward
1 - 0% - 60%
2 - 0% - 40%
44 Defense
1 - 0% - 60%
2 - 0% - 40%
Last Minute Offensive - 0:00
Last Minute Defensive - 0:00
Total
Forward - 60:00
Defense - 60:00
|
Play by Play
1st period
0:01 of 1st period - Pavel Buchnevich wins face-off versus Steve Ott in neutral zone.
0:04 of 1st period - Wrist shot by Michael Raffl.
0:04 of 1st period - Goal by Michael Raffl - Knights : 1 - Ice Dragons : 0.
0:05 of 1st period - Darren Helm wins face-off versus Miro Aaltonen in neutral zone.
0:30 of 1st period - Alex Plante is hit by Jordan Martinook and loses puck.
1:20 of 1st period - Slapshot by Kevin Connauton.
1:20 of 1st period - Shot Blocked by Jared Spurgeon.
1:24 of 1st period - Snap shot by Sam Carrick.
1:24 of 1st period - Shot Misses the Net.
2:20 of 1st period - Wrist shot by Brandon Kozun.
2:20 of 1st period - Shot Misses the Net.
2:24 of 1st period - Wrist shot by Michael Chaput.
2:24 of 1st period - Stopped by Ben Scrivens without a rebound.
2:25 of 1st period - Miro Aaltonen wins face-off versus Logan MacMillan in Knights zone.
2:25 of 1st period - Miro Aaltonen is hit by Ryan Pulock.
2:28 of 1st period - Icing by Kevin Hayes.
2:29 of 1st period - Miro Aaltonen wins face-off versus Darren Helm in Knights zone.
2:40 of 1st period - Snap shot by Kevin Hayes.
2:40 of 1st period - Stopped by Harru Sateri without a rebound.
2:41 of 1st period - Steve Ott wins face-off versus Noel Acciari in Ice Dragons zone.
3:06 of 1st period - Jared Spurgeon is hit by Michael Chaput and loses puck.
3:13 of 1st period - Snap shot by Jonathan Drouin.
3:13 of 1st period - Shot Blocked by Ryan Pulock.
3:15 of 1st period - Slapshot by Collin Miller.
3:15 of 1st period - Shot Misses the Net.
3:37 of 1st period - Icing by Ryan Pulock.
3:38 of 1st period - Darren Helm wins face-off versus Noel Acciari in Ice Dragons zone.
3:47 of 1st period - Snap shot by Noel Acciari.
3:47 of 1st period - Stopped by Harru Sateri with a rebound.
3:49 of 1st period - Snap shot by Pavel Buchnevich.
3:49 of 1st period - Deflect By Michael Raffl.
3:49 of 1st period - Shot Blocked by Jiri Tlusty.
3:49 of 1st period - Puck is out of play.
3:50 of 1st period - Steve Ott wins face-off versus Noel Acciari in Ice Dragons zone.
4:24 of 1st period - Snap shot by Jaccob Slavin.
4:24 of 1st period - Shot Blocked by Alex Plante.
5:08 of 1st period - Snap shot by Brandon Kozun.
5:08 of 1st period - Stopped by Ben Scrivens with a rebound.
5:18 of 1st period - Jaccob Slavin is hit by Ryan Pulock and loses puck.
5:25 of 1st period - Snap shot by Jordan LaVallee.
5:25 of 1st period - Deflect By Stefan Ruzicka.
5:25 of 1st period - Shot Blocked by Noel Acciari.
5:25 of 1st period - Puck is out of play.
5:26 of 1st period - Steve Ott wins face-off versus Noel Acciari in Knights zone.
5:37 of 1st period - Wrist shot by Jordan LaVallee.
5:37 of 1st period - Deflect By Stefan Ruzicka.
5:37 of 1st period - Stopped by Ben Scrivens without a rebound.
5:38 of 1st period - Valentin Zykov wins face-off versus Steve Ott in Knights zone.
5:38 of 1st period - Valentin Zykov is hit by Jordan LaVallee.
5:51 of 1st period - Snap shot by Stefan Ruzicka.
5:51 of 1st period - Stopped by Ben Scrivens without a rebound.
5:52 of 1st period - Noel Acciari wins face-off versus Steve Ott in Knights zone.
6:07 of 1st period - Snap shot by Jordan LaVallee.
6:07 of 1st period - Shot Misses the Net.
6:17 of 1st period - Jared Spurgeon is hit by Darren Helm and loses puck.
6:24 of 1st period - Snap shot by Darren Helm.
6:24 of 1st period - Stopped by Ben Scrivens with a rebound.
6:26 of 1st period - Slapshot by Samuel Groulx.
6:26 of 1st period - Shot Misses the Net.
8:47 of 1st period - Steve Ott is hit by Noel Acciari and loses puck.
8:59 of 1st period - Icing by Jaccob Slavin.
9:00 of 1st period - Noel Acciari wins face-off versus Darren Helm in Knights zone.
9:18 of 1st period - Zach Trotman is hit by Kevin Connauton and loses puck.
9:51 of 1st period - Snap shot by Kevin Connauton.
9:51 of 1st period - Shot Misses the Net.
9:59 of 1st period - Slapshot by Brayden McNabb.
9:59 of 1st period - Shot Blocked by Michael Matheson.
10:11 of 1st period - Kevin Connauton is hit by Michael Matheson and loses puck.
10:36 of 1st period - Snap shot by Noel Acciari.
10:36 of 1st period - Stopped by Harru Sateri without a rebound.
10:37 of 1st period - Miro Aaltonen wins face-off versus Steve Ott in Ice Dragons zone.
10:48 of 1st period - Snap shot by Kevin Hayes.
10:48 of 1st period - Deflect By Valentin Zykov.
10:48 of 1st period - Stopped by Harru Sateri without a rebound.
10:49 of 1st period - Noel Acciari wins face-off versus Steve Ott in Ice Dragons zone.
10:56 of 1st period - Slapshot by Michael Raffl.
10:56 of 1st period - Stopped by Harru Sateri with a rebound.
11:04 of 1st period - Backhand shot by Pavel Buchnevich.
11:04 of 1st period - Shot Misses the Net.
11:18 of 1st period - Darren Helm is hit by Miro Aaltonen and loses puck.
11:51 of 1st period - Michael Matheson is hit by William Carrier and loses puck.
12:27 of 1st period - Snap shot by Stefan Ruzicka.
12:27 of 1st period - Shot Misses the Net.
12:29 of 1st period - Wrist shot by Jordan LaVallee.
12:29 of 1st period - Shot Blocked by Collin Miller.
12:31 of 1st period - Wrist shot by Christian Djoos.
12:31 of 1st period - Shot Misses the Net.
12:39 of 1st period - Noel Acciari is hit by Jordan LaVallee and loses puck.
12:51 of 1st period - Icing by Logan MacMillan.
12:52 of 1st period - Miro Aaltonen wins face-off versus Darren Helm in Ice Dragons zone.
12:57 of 1st period - Wrist shot by Kevin Hayes.
12:57 of 1st period - Stopped by Harru Sateri with a rebound.
13:50 of 1st period - Wrist shot by Darren Helm.
13:50 of 1st period - Stopped by Ben Scrivens without a rebound.
13:51 of 1st period - Steve Ott wins face-off versus Noel Acciari in Knights zone.
13:58 of 1st period - Slapshot by Jordan LaVallee.
13:58 of 1st period - Shot Hit the Post.
14:22 of 1st period - Slapshot by Jordan Martinook.
14:22 of 1st period - Stopped by Harru Sateri without a rebound.
14:23 of 1st period - Miro Aaltonen wins face-off versus Michael Chaput in Ice Dragons zone.
14:48 of 1st period - Michael Raffl is hit by Steve Ott.
15:14 of 1st period - Snap shot by Linden Vey.
15:14 of 1st period - Shot Blocked by Alex Plante.
16:43 of 1st period - Snap shot by Chris Wagner.
16:43 of 1st period - Shot Misses the Net.
16:45 of 1st period - Snap shot by Sam Carrick.
16:45 of 1st period - Shot Misses the Net.
16:55 of 1st period - Wrist shot by A.J. Jenks.
16:55 of 1st period - Shot Misses the Net.
16:57 of 1st period - Slapshot by Zach Trotman.
16:57 of 1st period - Stopped by Harru Sateri with a rebound.
16:59 of 1st period - Slapshot by Kevin Hayes.
16:59 of 1st period - Shot Blocked by Logan MacMillan.
17:22 of 1st period - Minor Penalty to Jordan Martinook for Elbowing.
17:23 of 1st period - Steve Ott wins face-off versus Linden Vey in Knights zone.
17:49 of 1st period - Michael Raffl is hit by Logan MacMillan and loses puck.
17:54 of 1st period - Snap shot by Jiri Tlusty.
17:54 of 1st period - Goal by Jiri Tlusty - Knights : 1 - Ice Dragons : 1.
17:55 of 1st period - Noel Acciari wins face-off versus Steve Ott in neutral zone.
18:02 of 1st period - Slapshot by Pavel Buchnevich.
18:02 of 1st period - Stopped by Harru Sateri with a rebound.
18:17 of 1st period - Icing by Kevin Connauton.
18:18 of 1st period - Darren Helm wins face-off versus Miro Aaltonen in Ice Dragons zone.
18:29 of 1st period - Snap shot by Kevin Hayes.
18:29 of 1st period - Stopped by Harru Sateri with a rebound.
18:48 of 1st period - Pavel Buchnevich is hit by Christian Djoos.
19:38 of 1st period - Wrist shot by Darren Helm.
19:38 of 1st period - Shot Misses the Net.
19:40 of 1st period - Slapshot by Christian Djoos.
19:40 of 1st period - Shot Misses the Net.
Goals for this period are 1 for Knights vs 1 for Ice Dragons.
Shots for this period are 11 for Knights vs 7 for Ice Dragons.
2nd period
0:01 of 2nd period - Steve Ott wins face-off versus Noel Acciari in neutral zone.
0:04 of 2nd period - Michael Raffl is hit by Stefan Ruzicka and loses puck.
0:11 of 2nd period - Wrist shot by Pavel Buchnevich.
0:11 of 2nd period - Shot Misses the Net.
0:48 of 2nd period - Snap shot by Michael Chaput.
0:48 of 2nd period - Goal by Michael Chaput - Knights : 1 - Ice Dragons : 2.
0:49 of 2nd period - Noel Acciari wins face-off versus Stefan Ruzicka in neutral zone.
0:52 of 2nd period - Steve Ott is hit by Michael Raffl.
0:57 of 2nd period - Off-side.
0:58 of 2nd period - Steve Ott wins face-off versus Noel Acciari in neutral zone.
1:13 of 2nd period - Slapshot by Jordan LaVallee.
1:13 of 2nd period - Stopped by Ben Scrivens without a rebound.
1:14 of 2nd period - Darren Helm wins face-off versus Jonathan Drouin in Knights zone.
1:15 of 2nd period - Snap shot by Jiri Tlusty.
1:15 of 2nd period - Stopped by Ben Scrivens without a rebound.
1:16 of 2nd period - Jonathan Drouin wins face-off versus Logan MacMillan in Knights zone.
1:21 of 2nd period - Jordan Martinook is hit by Logan MacMillan and loses puck.
1:54 of 2nd period - Snap shot by Steve Ott.
1:54 of 2nd period - Stopped by Ben Scrivens with a rebound.
2:26 of 2nd period - Alex Plante is hit by A.J. Jenks and loses puck.
2:48 of 2nd period - Snap shot by Jiri Tlusty.
2:48 of 2nd period - Stopped by Ben Scrivens with a rebound.
2:51 of 2nd period - Icing by Jared Spurgeon.
2:52 of 2nd period - Darren Helm wins face-off versus Jonathan Drouin in Knights zone.
3:27 of 2nd period - Snap shot by Linden Vey.
3:27 of 2nd period - Deflect By Darren Helm.
3:27 of 2nd period - Shot Misses the Net.
3:27 of 2nd period - Puck is out of play.
3:28 of 2nd period - Steve Ott wins face-off versus Noel Acciari in Ice Dragons zone.
5:02 of 2nd period - Christian Djoos is hit by Miro Aaltonen and loses puck.
5:11 of 2nd period - Jiri Tlusty is hit by Miro Aaltonen and loses puck.
5:28 of 2nd period - Stefan Ruzicka is hit by Pavel Buchnevich.
5:50 of 2nd period - Snap shot by Brendan Gaunce.
5:50 of 2nd period - Shot Misses the Net.
5:52 of 2nd period - Wrist shot by A.J. Jenks.
5:52 of 2nd period - Stopped by Harru Sateri without a rebound.
5:53 of 2nd period - Steve Ott wins face-off versus Miro Aaltonen in Ice Dragons zone.
6:06 of 2nd period - Wrist shot by Jordan LaVallee.
6:06 of 2nd period - Deflect By Steve Ott.
6:06 of 2nd period - Shot Misses the Net.
6:06 of 2nd period - Puck is out of play.
6:07 of 2nd period - Noel Acciari wins face-off versus Steve Ott in Knights zone.
6:07 of 2nd period - Noel Acciari is hit by Brayden McNabb.
6:54 of 2nd period - Wrist shot by Jared Spurgeon.
6:54 of 2nd period - Stopped by Harru Sateri with a rebound.
7:04 of 2nd period - Slapshot by Jordan Martinook.
7:04 of 2nd period - Shot Misses the Net.
7:20 of 2nd period - Snap shot by Brendan Gaunce.
7:20 of 2nd period - Goal by Brendan Gaunce - Knights : 2 - Ice Dragons : 2.
7:21 of 2nd period - Steve Ott wins face-off versus Noel Acciari in neutral zone.
7:31 of 2nd period - Off-side.
7:32 of 2nd period - Steve Ott wins face-off versus Noel Acciari in neutral zone.
7:36 of 2nd period - Off-side.
7:37 of 2nd period - Noel Acciari wins face-off versus Steve Ott in neutral zone.
7:42 of 2nd period - Wrist shot by Noel Acciari.
7:42 of 2nd period - Stopped by Harru Sateri without a rebound.
7:43 of 2nd period - Jordan LaVallee wins face-off versus Noel Acciari in Ice Dragons zone.
8:23 of 2nd period - Icing by Zach Trotman.
8:24 of 2nd period - Jonathan Drouin wins face-off versus Steve Ott in Knights zone.
8:24 of 2nd period - Jonathan Drouin is hit by Steve Ott.
8:50 of 2nd period - Michael Raffl is hit by Michael Chaput and loses puck.
9:16 of 2nd period - Brayden McNabb is hit by A.J. Jenks and loses puck.
9:37 of 2nd period - Snap shot by Chris Wagner.
9:37 of 2nd period - Stopped by Ben Scrivens with a rebound.
9:51 of 2nd period - Minor Penalty to Sam Carrick for Charging.
9:52 of 2nd period - Stefan Ruzicka wins face-off versus Miro Aaltonen in Ice Dragons zone.
10:26 of 2nd period - Slapshot by Jaccob Slavin.
10:26 of 2nd period - Shot Blocked by Stefan Ruzicka.
10:38 of 2nd period - Snap shot by Stefan Ruzicka.
10:38 of 2nd period - Shot Misses the Net.
10:40 of 2nd period - Slapshot by Brayden McNabb.
10:40 of 2nd period - Stopped by Ben Scrivens without a rebound.
10:41 of 2nd period - Steve Ott wins face-off versus Pavel Buchnevich in Knights zone.
10:46 of 2nd period - Snap shot by Miro Aaltonen.
10:46 of 2nd period - Stopped by Harru Sateri without a rebound.
10:47 of 2nd period - Miro Aaltonen wins face-off versus Stefan Ruzicka in Ice Dragons zone.
10:58 of 2nd period - Snap shot by Michael Raffl.
10:58 of 2nd period - Shot Misses the Net.
11:26 of 2nd period - Kevin Connauton is hit by Jonathan Drouin and loses puck.
11:37 of 2nd period - Miro Aaltonen is hit by Kevin Connauton and loses puck.
11:51 of 2nd period - Penalty to Sam Carrick is over, Sam Carrick is back on ice.
12:08 of 2nd period - Wrist shot by Brendan Gaunce.
12:08 of 2nd period - Stopped by Harru Sateri without a rebound.
12:09 of 2nd period - Noel Acciari wins face-off versus Michael Chaput in Ice Dragons zone.
12:10 of 2nd period - Slapshot by Jaccob Slavin.
12:10 of 2nd period - Shot Blocked by Alex Plante.
12:22 of 2nd period - Brandon Kozun is hit by Noel Acciari.
12:42 of 2nd period - Slapshot by Kevin Connauton.
12:42 of 2nd period - Stopped by Ben Scrivens with a rebound.
13:02 of 2nd period - Snap shot by Jiri Tlusty.
13:02 of 2nd period - Stopped by Ben Scrivens without a rebound.
13:03 of 2nd period - Darren Helm wins face-off versus Noel Acciari in Knights zone.
13:04 of 2nd period - Snap shot by Jiri Tlusty.
13:04 of 2nd period - Stopped by Ben Scrivens without a rebound.
13:05 of 2nd period - Darren Helm wins face-off versus Noel Acciari in Knights zone.
13:22 of 2nd period - Wrist shot by Jiri Tlusty.
13:22 of 2nd period - Shot Misses the Net.
13:24 of 2nd period - Snap shot by Jiri Tlusty.
13:24 of 2nd period - Shot Misses the Net.
13:30 of 2nd period - Snap shot by Darren Helm.
13:30 of 2nd period - Stopped by Ben Scrivens with a rebound.
13:32 of 2nd period - Snap shot by Jiri Tlusty.
13:32 of 2nd period - Stopped by Ben Scrivens with a rebound.
13:50 of 2nd period - Slapshot by Noel Acciari.
13:50 of 2nd period - Shot Misses the Net.
14:13 of 2nd period - Snap shot by Noel Acciari.
14:13 of 2nd period - Shot Misses the Net.
14:27 of 2nd period - Jiri Tlusty is hit by Michael Raffl and loses puck.
14:40 of 2nd period - Snap shot by Jiri Tlusty.
14:40 of 2nd period - Stopped by Ben Scrivens with a rebound.
14:56 of 2nd period - Snap shot by Jiri Tlusty.
14:56 of 2nd period - Stopped by Ben Scrivens with a rebound.
15:12 of 2nd period - Darren Helm is hit by Michael Raffl and loses puck.
15:33 of 2nd period - Snap shot by Noel Acciari.
15:33 of 2nd period - Shot Blocked by Jiri Tlusty.
15:41 of 2nd period - Snap shot by Pavel Buchnevich.
15:41 of 2nd period - Stopped by Harru Sateri without a rebound.
15:42 of 2nd period - Miro Aaltonen wins face-off versus Steve Ott in Ice Dragons zone.
15:54 of 2nd period - Snap shot by Stefan Ruzicka.
15:54 of 2nd period - Shot Blocked by Zach Trotman.
15:56 of 2nd period - Slapshot by Stefan Ruzicka.
15:56 of 2nd period - Stopped by Ben Scrivens without a rebound.
15:57 of 2nd period - Jonathan Drouin wins face-off versus Steve Ott in Knights zone.
16:02 of 2nd period - Slapshot by Zach Trotman.
16:02 of 2nd period - Shot Misses the Net.
16:21 of 2nd period - Michael Chaput is hit by Miro Aaltonen and loses puck.
16:30 of 2nd period - Slapshot by Miro Aaltonen.
16:30 of 2nd period - Shot Misses the Net.
16:32 of 2nd period - Slapshot by Matthew Benning.
16:32 of 2nd period - Stopped by Harru Sateri with a rebound.
16:34 of 2nd period - Snap shot by Valentin Zykov.
16:34 of 2nd period - Deflect By Miro Aaltonen.
16:34 of 2nd period - Goal by Miro Aaltonen - Knights : 3 - Ice Dragons : 2.
16:35 of 2nd period - Steve Ott wins face-off versus Kevin Hayes in neutral zone.
16:42 of 2nd period - Snap shot by Steve Ott.
16:42 of 2nd period - Stopped by Ben Scrivens without a rebound.
16:43 of 2nd period - Steve Ott wins face-off versus Miro Aaltonen in Knights zone.
16:44 of 2nd period - Slapshot by Jordan LaVallee.
16:44 of 2nd period - Shot Blocked by Miro Aaltonen.
16:46 of 2nd period - Slapshot by Brayden McNabb.
16:46 of 2nd period - Shot Misses the Net.
16:48 of 2nd period - Snap shot by Stefan Ruzicka.
16:48 of 2nd period - Shot Misses the Net.
16:54 of 2nd period - Wrist shot by Stefan Ruzicka.
16:54 of 2nd period - Stopped by Ben Scrivens without a rebound.
16:55 of 2nd period - Miro Aaltonen wins face-off versus Steve Ott in Knights zone.
17:02 of 2nd period - Slapshot by Steve Ott.
17:02 of 2nd period - Stopped by Ben Scrivens without a rebound.
17:03 of 2nd period - Miro Aaltonen wins face-off versus Steve Ott in Knights zone.
17:10 of 2nd period - Backhand shot by Miro Aaltonen.
17:10 of 2nd period - Stopped by Harru Sateri with a rebound.
17:12 of 2nd period - Snap shot by Kevin Hayes.
17:12 of 2nd period - Stopped by Harru Sateri with a rebound.
17:14 of 2nd period - Wrist shot by Miro Aaltonen.
17:14 of 2nd period - Stopped by Harru Sateri with a rebound.
17:16 of 2nd period - Wrist shot by Zach Trotman.
17:16 of 2nd period - Shot Blocked by Kevin Connauton.
17:18 of 2nd period - Wrist shot by Valentin Zykov.
17:18 of 2nd period - Stopped by Harru Sateri with a rebound.
17:32 of 2nd period - Wrist shot by Jordan Martinook.
17:32 of 2nd period - Stopped by Harru Sateri without a rebound.
17:33 of 2nd period - Jordan Martinook wins face-off versus Michael Chaput in Ice Dragons zone.
17:34 of 2nd period - Snap shot by Linden Vey.
17:34 of 2nd period - Stopped by Harru Sateri with a rebound.
17:40 of 2nd period - Brandon Kozun is hit by Linden Vey and loses puck.
19:42 of 2nd period - Kevin Connauton is hit by Michael Raffl and loses puck.
19:55 of 2nd period - Wrist shot by Kevin Hayes.
19:55 of 2nd period - Stopped by Harru Sateri without a rebound.
19:56 of 2nd period - Steve Ott wins face-off versus Kevin Hayes in Ice Dragons zone.
Goals for this period are 2 for Knights vs 1 for Ice Dragons.
Shots for this period are 16 for Knights vs 18 for Ice Dragons.
3rd period
0:01 of 3rd period - Steve Ott wins face-off versus Miro Aaltonen in neutral zone.
0:13 of 3rd period - Brayden McNabb is hit by Jared Spurgeon and loses puck.
0:45 of 3rd period - Icing by Kevin Connauton.
0:46 of 3rd period - Steve Ott wins face-off versus Jonathan Drouin in Ice Dragons zone.
0:53 of 3rd period - Snap shot by William Carrier.
0:53 of 3rd period - Shot Blocked by Michael Matheson.
0:55 of 3rd period - Backhand shot by Brayden McNabb.
0:55 of 3rd period - Stopped by Ben Scrivens without a rebound.
0:56 of 3rd period - Miro Aaltonen wins face-off versus Michael Chaput in Knights zone.
1:29 of 3rd period - Snap shot by Noel Acciari.
1:29 of 3rd period - Stopped by Harru Sateri with a rebound.
2:05 of 3rd period - Slapshot by Jaccob Slavin.
2:05 of 3rd period - Stopped by Harru Sateri with a rebound.
2:13 of 3rd period - Snap shot by Michael Chaput.
2:13 of 3rd period - Shot Misses the Net.
2:15 of 3rd period - Snap shot by Michael Chaput.
2:15 of 3rd period - Deflect By Brandon Kozun.
2:15 of 3rd period - Shot Misses the Net.
2:15 of 3rd period - Puck is out of play.
2:16 of 3rd period - Steve Ott wins face-off versus Miro Aaltonen in Knights zone.
2:19 of 3rd period - Wrist shot by Stefan Ruzicka.
2:19 of 3rd period - Stopped by Ben Scrivens with a rebound.
2:21 of 3rd period - Snap shot by Jordan LaVallee.
2:21 of 3rd period - Stopped by Ben Scrivens with a rebound.
2:35 of 3rd period - Miro Aaltonen is hit by Stefan Ruzicka and loses puck.
3:38 of 3rd period - Jordan LaVallee is hit by Matthew Benning and loses puck.
3:43 of 3rd period - Wrist shot by Tom Wilson.
3:43 of 3rd period - Stopped by Harru Sateri without a rebound.
3:44 of 3rd period - Darren Helm wins face-off versus Miro Aaltonen in Ice Dragons zone.
3:51 of 3rd period - Slapshot by Jiri Tlusty.
3:51 of 3rd period - Stopped by Ben Scrivens with a rebound.
3:53 of 3rd period - Snap shot by Jiri Tlusty.
3:53 of 3rd period - Stopped by Ben Scrivens with a rebound.
4:11 of 3rd period - Zach Trotman is hit by Michael Ferland.
4:15 of 3rd period - Chris Wagner is hit by Michael Matheson and loses puck.
4:29 of 3rd period - Off-side.
4:30 of 3rd period - Jonathan Drouin wins face-off versus Steve Ott in neutral zone.
5:18 of 3rd period - Slapshot by Jonathan Drouin.
5:18 of 3rd period - Stopped by Harru Sateri with a rebound.
5:20 of 3rd period - Slapshot by Jaccob Slavin.
5:20 of 3rd period - Stopped by Harru Sateri without a rebound.
5:21 of 3rd period - Darren Helm wins face-off versus Noel Acciari in Ice Dragons zone.
5:34 of 3rd period - Snap shot by Darren Helm.
5:34 of 3rd period - Stopped by Ben Scrivens with a rebound.
6:17 of 3rd period - Wrist shot by Tom Wilson.
6:17 of 3rd period - Deflect By Brendan Gaunce.
6:17 of 3rd period - Stopped by Harru Sateri without a rebound.
6:18 of 3rd period - Darren Helm wins face-off versus Noel Acciari in Ice Dragons zone.
6:43 of 3rd period - Kevin Connauton is hit by Valentin Zykov and loses puck.
7:15 of 3rd period - Jared Spurgeon is hit by Brandon Kozun.
7:25 of 3rd period - Jaccob Slavin is hit by Ryan Pulock and loses puck.
7:40 of 3rd period - Minor Penalty to Brendan Gaunce for Hooking.
7:41 of 3rd period - Steve Ott wins face-off versus Linden Vey in Knights zone.
8:37 of 3rd period - Stefan Ruzicka is hit by Jaccob Slavin and loses puck.
9:23 of 3rd period - Zach Trotman is hit by Steve Ott and loses puck.
9:40 of 3rd period - Penalty to Brendan Gaunce is over, Brendan Gaunce is back on ice.
11:03 of 3rd period - Chris Wagner is hit by Linden Vey and loses puck.
12:49 of 3rd period - Jared Spurgeon is hit by Logan MacMillan and loses puck.
13:06 of 3rd period - Collin Miller is hit by Michael Chaput and loses puck.
13:43 of 3rd period - Chris Wagner is hit by Jaccob Slavin and loses puck.
13:48 of 3rd period - Wrist shot by Noel Acciari.
13:48 of 3rd period - Stopped by Harru Sateri with a rebound.
14:32 of 3rd period - Jared Spurgeon is hit by Kevin Connauton and loses puck.
15:36 of 3rd period - Collin Miller is hit by Michael Chaput.
15:57 of 3rd period - Stefan Ruzicka is hit by Linden Vey and loses puck.
16:18 of 3rd period - Wrist shot by Kevin Hayes.
16:18 of 3rd period - Stopped by Harru Sateri with a rebound.
16:20 of 3rd period - Snap shot by Valentin Zykov.
16:20 of 3rd period - Shot Misses the Net.
16:35 of 3rd period - Minor Penalty to Chris Wagner for Holding.
16:36 of 3rd period - Miro Aaltonen wins face-off versus Stefan Ruzicka in Ice Dragons zone.
16:40 of 3rd period - Wrist shot by Miro Aaltonen.
16:40 of 3rd period - Deflect By Michael Raffl.
16:40 of 3rd period - Shot Blocked by Kevin Connauton.
16:40 of 3rd period - Puck is out of play.
16:41 of 3rd period - Michael Raffl wins face-off versus Jiri Tlusty in Ice Dragons zone.
16:48 of 3rd period - Snap shot by Pavel Buchnevich.
16:48 of 3rd period - Shot Blocked by Kevin Connauton.
16:50 of 3rd period - Snap shot by Michael Raffl.
16:50 of 3rd period - Shot Misses the Net.
16:52 of 3rd period - Wrist shot by Michael Raffl.
16:52 of 3rd period - Stopped by Harru Sateri with a rebound.
16:54 of 3rd period - Snap shot by Pavel Buchnevich.
16:54 of 3rd period - Shot Blocked by Kevin Connauton.
16:56 of 3rd period - Slapshot by Miro Aaltonen.
16:56 of 3rd period - Deflect By Brayden McNabb.
16:56 of 3rd period - Shot Blocked by Brayden McNabb.
16:56 of 3rd period - Puck is out of play.
16:57 of 3rd period - Stefan Ruzicka wins face-off versus Miro Aaltonen in Ice Dragons zone.
16:57 of 3rd period - Stefan Ruzicka is hit by Pavel Buchnevich.
17:20 of 3rd period - Stefan Ruzicka is hit by Linden Vey and loses puck.
18:06 of 3rd period - Jiri Tlusty is hit by Pavel Buchnevich and loses puck.
18:35 of 3rd period - Penalty to Chris Wagner is over, Chris Wagner is back on ice.
18:45 of 3rd period - Ice Dragons, Harru Sateri is pulled from the net.
19:03 of 3rd period - Wrist shot by Jonathan Drouin.
19:03 of 3rd period - Goal by Jonathan Drouin - Knights : 4 - Ice Dragons : 2.
19:03 of 3rd period - Harru Sateri from Ice Dragons was sent back in the game.
19:04 of 3rd period - Miro Aaltonen wins face-off versus Steve Ott in neutral zone.
Goals for this period are 1 for Knights vs 0 for Ice Dragons.
Shots for this period are 10 for Knights vs 6 for Ice Dragons.
Back to the Top